 Dungeon Crawl Stone Soup version 0.24.1-14-gf8d2b509d9 (webtiles) character file.

Game seed: 8568751301941623162, levelgen mode: deterministic

266 lepoulpe303 the Covered (level 6, -2/57 HPs)
             Began as a Deep Dwarf Fighter on May 26, 2020.
             Slain by an ogre
             ... wielding a +0 giant spiked club
              (11 damage)
             ... on level 4 of the Dungeon.
             The game lasted 00:06:42 (2362 turns).

lepoulpe303 the Covered (Deep Dwarf Fighter)        Turns: 2362, Time: 00:06:42

Health: -2/57      AC:  7    Str: 21    XL:     6   Next: 0%
Magic:  6/6        EV:  8    Int:  8    God:
Gold:   159        SH:  9    Dex: 13    Spells: 5/5 levels left

rFire    . . .     SeeInvis .   a - +0 war axe
rCold    . . .     Gourm    .   c - +0 shield
rNeg     . . .     Faith    .   b - +0 scale mail
rPois    .         Spirit   .   (no helmet)
rElec    .         Reflect  .   (no cloak)
rCorr    .         Harm     .   (no gloves)
MR       .....                  (no boots)
Stlth    ..........             o - amulet of rage
HPRegen  0.00/turn              (no ring)
MPRegen  0.10/turn              (no ring)

@: non-regenerating
A: damage resistance, heal wounds, sense surroundings 1, no regeneration
a: Heal Wounds, Evoke Berserk Rage


You were on level 4 of the Dungeon.
You were not hungry.

You visited 1 branch of the dungeon, and saw 4 of its levels.

You collected 159 gold pieces.

Inventory:

Hand Weapons
 a - a +0 war axe (weapon)
Missiles
 p - 6 boomerangs (quivered)
 t - a poisoned dart
Armour
 b - a +0 scale mail (worn)
 c - a +0 shield (worn)
Jewellery
 o - an amulet of rage (around neck)
 r - an uncursed amulet of magic regeneration
Scrolls
 f - a scroll of immolation {unknown}
 g - 2 scrolls of magic mapping {unknown}
 h - a scroll of fog {unknown}
 u - a scroll of noise {unknown}
 v - a scroll of teleportation {unknown}
 w - a scroll of remove curse
 B - 2 scrolls of blinking {!r}
Potions
 d - a potion of might
 j - 3 potions of heal wounds {unknown}
 k - 3 potions of agility {unknown}
 l - 2 potions of curing {unknown}
 n - a potion of degeneration {unknown}
 s - a potion of flight {unknown}
Comestibles
 e - 4 rations
 q - 5 chunks of flesh


   Skills:
 * Level 3.8 Fighting
 * Level 3.9 Axes
 * Level 4.7 Armour
 + Level 1.7 Dodging
 + Level 3.9 Shields
 + Level 0.1 Evocations


You had 5 spell levels left.
You didn't know any spells.
Your spell library contained the following spells:

 Spells                   Type           Power        Failure   Level  Hunger
 Animate Skeleton         Necr           N/A          99%         1    ##.....
 Pain                     Necr           #...         99%         1    ##.....
 Vampiric Draining        Necr           #.........   100%        3    ####...
 Animate Dead             Necr           N/A          100%        4    #####..
 Regeneration             Chrm/Necr      Unusable     N/A         3    N/A

Dungeon Overview and Level Annotations

Branches:
Dungeon (4/15)
 Temple: D:4-7

Altars:
Ru


Innate Abilities, Weirdness & Mutations

You are resistant to damage.
You can heal yourself by infusing magical energy.
You passively map a small area around you.
You do not regenerate.


Message History

You closely miss the ogre. The ogre hits you but does no damage.
You barely miss the ogre. The ogre hits you but does no damage.
You barely miss the ogre.
The ogre hits you with a +0 giant spiked club.
You barely miss the ogre.
The ogre hits you with a +0 giant spiked club!
* * * LOW HITPOINT WARNING * * *
You take 9 damage, and have 31/57 hp.
You fail to use your ability.
The ogre closely misses you.
You hit the ogre. You block the ogre's attack.
You hit the ogre. The ogre barely misses you.
You slash the ogre!
The ogre hits you with a +0 giant spiked club!!
* * * LOW HITPOINT WARNING * * *
You take 22 damage, and have 9/57 hp.
MASSIVE DAMAGE!!
You completely miss the ogre.
The ogre hits you with a +0 giant spiked club!
You die...

, * ,
..####.....*
, , ,
#.......... *
#.......... *
* #..........
, #..........
#..?^......,
* ,,
,#..........
,#..@O......
, ,
#..........
#............
,
#####.#######
, * #.# , #.#
* #.# ..# * *


You could see an ogre.

Levels and vault maps discovered:
D:1:      lightli_arrival_quake, layout_loops_ring, grunt_decor_cap,
          minmay_rat_gold_closets
D:2:      layout_basic, first_ration, chequers_ecumenical_altar_simple_redux
D:3:      corexii_shack_village, layout_basic,
          nicolae_ru_great_annihilating_truth
D:4:      layout_basic, lemuel_doored_altar, lemuel_blue_sif_altar

Notes
Turn   | Place    | Note
-------+----------+-------------------------------------------
     0 | D:1      | lepoulpe303 the Deep Dwarf Fighter began the quest for the
                  | Orb.
     0 | D:1      | Reached XP level 1. HP: 20/20 MP: 1/1
   204 | D:1      | Reached XP level 2. HP: 27/27 MP: 2/2
   357 | D:1      | You fall into a shaft and drop 1 floor!
   357 | D:2      | Identified a +0 short sword
   357 | D:2      | Identified a +0 club
   370 | D:2      | Reached skill level 3 in Fighting
   459 | D:2      | Reached XP level 3. HP: 24/34 MP: 3/3
   644 | D:1      | Identified a +0 club
   761 | D:1      | Identified a +0 short sword
   843 | D:1      | Identified a +0 club
   889 | D:1      | Identified a +0 dagger
   964 | D:2      | Reached skill level 4 in Armour
   980 | D:2      | Found a faded altar of an unknown god.
   992 | D:2      | Reached skill level 3 in Axes
   992 | D:2      | Reached XP level 4. HP: 26/42 MP: 4/4
   993 | D:2      | Identified a +0 dagger
  1181 | D:2      | Identified a +0 dagger
  1181 | D:2      | Identified a +0 hunting sling
  1448 | D:2      | Identified a +0 club
  1510 | D:2      | Identified a +0 dagger
  1710 | D:3      | Identified a +0 dagger
  1730 | D:3      | Reached skill level 1 in Dodging
  1749 | D:3      | Identified a +0 club
  1754 | D:3      | Identified a +0 short sword
  1797 | D:3      | Found a sacrificial altar of Ru.
  1797 | D:3      | Identified a +0 dagger
  1797 | D:3      | Identified a +0 robe
  1797 | D:3      | Identified a +0 club
  1811 | D:3      | Reached XP level 5. HP: 19/49 MP: 5/5
  1812 | D:3      | Identified a +0 club
  1882 | D:3      | Identified a +0 hand axe
  1887 | D:3      | Identified a +0 hand axe
  1889 | D:3      | Identified a +0 dagger
  1889 | D:3      | Identified a +0 robe
  1910 | D:3      | HP: 10/50 [bullfrog zombie (5)]
  1931 | D:3      | Identified a cursed -1 club
  1958 | D:3      | Identified a +0 club
  1987 | D:3      | Identified a +0 ring mail
  2047 | D:3      | Identified a +0 dagger
  2119 | D:3      | Identified a +0 club
  2124 | D:3      | Identified a +0 club
  2131 | D:3      | Identified a +0 dagger
  2134 | D:3      | Identified a +0 short sword
  2134 | D:3      | Identified a +0 leather armour
  2136 | D:3      | Identified a +0 dagger
  2189 | D:3      | Identified 3 scrolls of blinking
  2190 | D:3      | Identified 2 scrolls of remove curse
  2191 | D:3      | Identified 2 scrolls of identify
  2191 | D:3      | Identified an amulet of magic regeneration (You found it on
                  | level 2 of the Dungeon)
  2192 | D:3      | Identified an amulet of rage (You found it on level 2 of
                  | the Dungeon)
  2273 | D:3      | Identified a +0 club
  2273 | D:3      | Identified a +0 club
  2284 | D:3      | Identified a +0 hand axe
  2284 | D:3      | Identified a +0 ring mail
  2307 | D:3      | Identified a +0 club
  2319 | D:3      | Identified a +0 club
  2326 | D:3      | Reached XP level 6. HP: 24/57 MP: 6/6
  2348 | D:4      | Identified a +0 giant spiked club
  2361 | D:4      | HP: 9/57 [ogre/+0 giant spiked club (22)]
  2362 | D:4      | Slain by an ogre

Table legend:
 A = Turns spent in this place as a percentage of turns spent in the entire game.
 B = Non-inter-level travel turns spent in this place as a percentage of non-inter-level travel turns spent in the entire game.
 C = Inter-level travel turns spent in this place as a percentage of turns spent in this place.
 D = Turns resting spent in this place as a percentage of non-inter-level travel turns spent in this place.
 E = Turns spent auto-exploring this place as a percentage of non-inter-level travel turns spent in this place.
 F = Non-inter-level travel turns spent in this place divided by the number of levels of this place that you've seen.
                   A       B       C       D       E      F
               +-------+-------+-------+-------+-------+----------------------
         Total | 100.0 | 100.0 |   2.5 |   0.1 |  75.2 | 575.5
       Dungeon | 100.0 | 100.0 |   2.5 |   0.1 |  75.2 | 575.5
               +-------+-------+-------+-------+-------+----------------------

Table legend:
 A = Kills in this place as a percentage of kills in entire the game.
 B = Kills by you in this place as a percentage of kills by you in the entire game.
 C = Kills by friends in this place as a percentage of kills by friends in the entire game.
 D = Other kills in this place as a percentage of other kills in the entire game.
 E = Experience gained in this place as a percentage of experience gained in the entire game.
 F = Experience gained in this place divided by the number of levels of this place that you have seen.
                   A       B       C       D       E      F
               +-------+-------+-------+-------+-------+----------------------
         Total | 100.0 | 100.0 |   N/A |   N/A | 100.0 |  95.2
       Dungeon | 100.0 | 100.0 |   N/A |   N/A | 100.0 |  95.2
               +-------+-------+-------+-------+-------+----------------------

Skill      XL: |  1  2  3  4 |
---------------+-------------+-----
Fighting       | 3 |  3.8
Armour         | 4 |  4.7
Axes           | 3 |  3.9
Dodging        | 1 |  1.7
Shields        | |  3.9
Evocations     | |  0.1

Action                   |  1- 3 |  4- 6 || total
-------------------------+-------+-------++-------
Melee: War axe           |    88 |   164 ||   252
Throw: Dart              |    44 |     8 ||    52
       Boomerang         |       |    21 ||    21
 Abil: Heal Wounds       |       |     2 ||     2
  Use: Scroll            |       |     4 ||     4
  Eat: Chunk             |       |     5 ||     5
Armor: Scale mail        |    27 |    63 ||    90
Dodge: Dodged            |    22 |    41 ||    63
Block: Shield            |    43 |    59 ||   102

Vanquished Creatures
  A bullfrog zombie (D:3)
  A hound (D:3)
  2 orc wizards (D:3)
  4 adders
  2 oozes
  3 worms
  A dart slug (D:3)
  3 leopard geckos
  6 orcs (D:3)
  A ball python (D:3)
  5 bats
  2 giant cockroaches
  7 goblins
  16 hobgoblins
  2 jackals (D:1)
  A quokka (D:2)
  3 frilled lizards
  11 kobolds
  15 rats
86 creatures vanquished.
